 Dungeon Crawl Stone Soup version 0.28.0-47-ge53b351184 (webtiles) character file.

Game seed: 4515646695053418750

456 NinjaNoafa the Chopper (level 7, -1/61 HPs)
             Began as a Hill Orc Monk on Apr 27, 2022.
             Was a Priest of Cheibriados.
             Slain by a jelly (3 damage)
             ... on level 5 of the Dungeon.
             The game lasted 00:07:08 (4988 turns).

NinjaNoafa the Chopper (Hill Orc Monk)              Turns: 4988, Time: 00:07:08

Health: -1/61      AC:  2    Str: 23    XL:     7   Next: 6%
Magic:  9/9        EV: 11    Int: 17    God:    Cheibriados [***...]
Gold:   230        SH:  0    Dex: 20    Spells: 6/6 levels left

rFire   . . .      SeeInvis .   a - +0 hand axe
rCold   . . .      Faith    .   (no shield)
rNeg    . . .      Spirit   .   n - +0 scale mail
rPois   +          Reflect  .   (no helmet)
rElec   .          Harm     .   e - +2 cloak
rCorr   .          Rampage  .   (no gloves)
Will    .....                   (no boots)
Stlth   +.........              (no amulet)
HPRegen 0.20/turn               r - ring of poison resistance
MPRegen 0.11/turn               (no ring)

@: corroded, very slow
A: no striking features
a: Renounce Religion, Bend Time, Temporal Distortion


You were on level 5 of the Dungeon.
You worshipped Cheibriados.
Cheibriados was most pleased with you.
You visited 1 branch of the dungeon, and saw 5 of its levels.

You collected 230 gold pieces.

Inventory:

Hand Weapons
 a - a +0 hand axe (weapon)
Missiles
 b - 10 boomerangs (quivered)
 f - 6 poisoned darts
 h - 85 stones
Armour
 e - a +2 cloak (worn)
 n - a +0 scale mail (worn)
Jewellery
 r - a ring of poison resistance (left hand)
Scrolls
 o - 2 scrolls of identify
 q - a scroll of enchant weapon
Potions
 i - a potion of magic


   Skills:
 + Level 5.1 Fighting
 + Level 5.5 Axes
 * Level 4.4 Armour
 - Level 2.4 Dodging
 - Level 1.5 Stealth
 * Level 3.9 Invocations
 + Level 1.5 Evocations


You had 6 spell levels left.
You didn't know any spells.
Your spell library contained the following spells:

 Spells                   Type           Power      Damage    Failure   Level
 Animate Skeleton         Necr           0%         N/A       50%         1
 Apportation              Tloc           0%         N/A       50%         1
 Summon Small Mammal      Summ           0%         N/A       50%         1
 Gell's Gravitas          Tloc           0%         N/A       86%         3
 Lesser Beckoning         Tloc           0%         N/A       86%         3
 Summon Guardian Golem    Hex/Summ       0%         N/A       86%         3
 Teleport Other           Tloc           0%         N/A       86%         3
 Orb of Destruction       Conj           0%         9d5       100%        7
 Spellforged Servitor     Conj/Summ      0%         N/A       100%        7


Dungeon Overview and Level Annotations

Branches:
Dungeon (5/15)             Temple (0/1) D:5

Altars:
Cheibriados
Xom

Shops:
D:5 ((


Message History

The jelly hits you.
You are splashed with acid!
* * * LOW HITPOINT WARNING * * *
Your magic is already full.
Blink to where?
Press: ? - help, Dir - move target Why would you want to do that?
Blink to where?
Press: ? - help, Dir - move target
As you read the scroll of blinking, it crumbles to dust.
As you read the scroll labelled SIGUNK KYUMU, it crumbles to dust.
The scroll dissolves into smoke.
It was a scroll of fog.
As you read the scroll labelled RUYRISAIRPH, it crumbles to dust.
It is a scroll of amnesia.
You feel forgetful for a moment.
Found a war axe.
The jelly jiggles.
The jelly barely misses you. The jelly barely misses you.
The jelly hits you but does no damage.
Found Feelef's Weapon Shop.
You are no longer corroded.
The jelly barely misses you.
A jelly comes into view.
The jelly barely misses you. The jelly hits you but does no damage.
The jelly closely misses you.
As you read the scroll labelled NUOMIE TAIW, it crumbles to dust.
It is a scroll of identify.
q - a scroll of enchant weapon The jelly hits you.
The acid corrodes you!
You are splashed with acid.
* * * LOW HITPOINT WARNING * * *
The jelly hits you.
* * * LOW HITPOINT WARNING * * *
The acid corrodes you!
You are splashed with acid!
* * * LOW HITPOINT WARNING * * *
As you read the scroll labelled WIUXTU JICUFA, it crumbles to dust.
You feel aware of your surroundings.
You sensed 1 shop/portal.
It was a scroll of magic mapping.
The jelly closely misses you. The jelly hits you.
You die...

##.###§§§.≈§.#####
#.## #§§§§≈≈.>....
#.# #§§§_≈§..#...
#.# #§§§≈≈≈.#####
#.# ##§§§≈≈..#
#.###........# ***
#..#......####**,,
#J##..##...#**,,,,
*#@#...###......,,*
#J##>J## #.....#*,*
#.*#..# #.....#*,*
#∩##:.# #....<#*,+
#.#...# #.....#***
#.##..#* *,,...# *
#.*#...*****,,,* *
#.*##.(.* ***** *,*
##..# *****


You could see 2 jellies.

Vanquished Creatures
  An ice beast (D:5)
  A phantom (D:4)
  A scorpion (D:4)
  A gnoll shaman (D:4)
  An iguana (D:5)
  4 gnolls (D:4)
  3 adders
  3 worms
  2 dart slugs
  6 ball pythons
  6 bats
  12 endoplasms
  6 giant cockroaches
  7 goblins
  9 hobgoblins
  2 jackals (D:1)
  6 quokkas
  7 frilled lizards
  9 kobolds
  7 rats
94 creatures vanquished.

Notes
Turn   | Place    | Note
-------+----------+-------------------------------------------
     0 | D:1      | NinjaNoafa the Hill Orc Monk began the quest for the Orb.
     0 | D:1      | Reached XP level 1. HP: 19/19 MP: 1/1
   401 | D:1      | Reached skill level 1 in Armour
   426 | D:1      | Reached XP level 2. HP: 27/27 MP: 2/2
   959 | D:1      | Reached XP level 3. HP: 33/33 MP: 3/3
  1176 | D:1      | Found a faded altar of an unknown god.
  1722 | D:2      | Reached XP level 4. HP: 34/40 MP: 4/4
  1829 | D:2      | Found a snail-covered altar of Cheibriados.
  2108 | D:2      | Became a worshipper of Cheibriados the Contemplative
  2108 | D:2      | Reached * piety under Cheibriados
  2108 | D:2      | Reached ** piety under Cheibriados
  3154 | D:3      | Reached skill level 1 in Invocations
  3290 | D:4      | Noticed a scorpion
  3301 | D:4      | Killed a scorpion
  3302 | D:4      | Reached skill level 5 in Axes
  3302 | D:4      | Reached XP level 5. HP: 47/47 MP: 4/6
  3714 | D:4      | Reached *** piety under Cheibriados
  3901 | D:4      | Noticed a phantom
  3918 | D:4      | Killed a phantom
  3919 | D:4      | Reached XP level 6. HP: 31/55 MP: 6/8
  4307 | D:4      | Reached skill level 1 in Evocations
  4815 | D:5      | Entered Level 5 of the Dungeon
  4823 | D:5      | Found Tuakuhio's Weapon Shop.
  4826 | D:5      | Noticed an ice beast
  4837 | D:5      | Killed an ice beast
  4838 | D:5      | Reached skill level 5 in Fighting
  4923 | D:5      | Found a shimmering altar of Xom.
  4960 | D:5      | Reached XP level 7. HP: 33/61 MP: 9/9
  4982 | D:5      | Found Feelef's Weapon Shop.
  4987 | D:5      | HP: 2/61 [acid (9)]
  4988 | D:5      | Slain by a jelly

Illustrated notes

Levels and vault maps discovered:
D:1:      psy_arrival_dodecagon, layout_basic, basic_ecumenical_altar,
          minmay_splitting_lines, grunt_decor_junction, st_stairs_4,
          minmay_quantized
D:2:      layout_loops_ring, basic_altar, minmay_bisected
D:3:      layout_loops_ring
D:4:      layout_loops_ring, serial_rivers, chequers_serial_rivers_micro_b,
          chequers_serial_rivers_small_3, chequers_serial_rivers_room_a,
          chequers_serial_rivers_micro_a, chequers_serial_rivers_micro_c,
          chequers_serial_rivers_small_a
D:5:      layout_layer_cave, mainiacjoe_overflow_catwalk,
          minmay_temple_entry_hall, serial_shops, shop, kennysheep_mini, shop,
          kennysheep_minor_cross, minmay_manual_mail

Skill      XL: |  1  2  3  4  5  6 |
---------------+-------------------+-----
Armour         | 1 2 3 4 |  4.4
Fighting       | 4 5 |  5.1
Invocations    | 2 3 |  3.9
Axes           | 5 |  5.5
Evocations     | 1 |  1.5
Dodging        | |  2.4
Stealth        | |  1.5

Action                   |  1- 3 |  4- 6 |  7- 9 || total
-------------------------+-------+-------+-------++-------
Melee: Hand axe          |   157 |   158 |     4 ||   319
       Punch             |       |     5 |       ||     5
Throw: Dart              |     6 |     5 |       ||    11
       Boomerang         |       |    12 |       ||    12
Evoke: Wand              |       |     4 |       ||     4
  Use: Potion            |       |     6 |     3 ||     9
       Scroll            |       |     2 |     5 ||     7
 Stab: Sleeping          |     5 |     4 |       ||     9
Armor: Robe              |    61 |     4 |       ||    65
       Ring mail         |       |    21 |       ||    21
       Scale mail        |       |    29 |     3 ||    32
Dodge: Dodged            |   141 |    92 |    10 ||   243
